 Dungeon Crawl Stone Soup version 0.31.0-1-g2c135a0 (webtiles) character file.

Game seed: 2693614796106749400

414 jagoly the Chopper (level 6, -5/40 HPs)
             Began as a Gargoyle Monk on Feb 2, 2024.
             Slain by Duvessa
             ... wielding a +0 short sword of protection
              (9 damage)
             ... on level 4 of the Dungeon.
             The game lasted 00:07:43 (1252 turns).

jagoly the Chopper (Gargoyle Monk)                  Turns: 1252, Time: 00:07:44

Health: -5/40      AC: 11    Str: 16    XL:     6   Next: 91%
Magic:  6/6        EV: 11    Int: 11    God:
Gold:   149        SH:  0    Dex: 12    Spells: 5/5 levels left

rFire   + . .        a - +0 hand axe
rCold   . . .        d - orb {light}
rNeg    + . .        o - +0 ring mail {rF+}
rPois   ∞            x - +0 helmet
rElec   +            (no cloak)
rCorr   .            (no gloves)
SInv    .            (no boots)
Will    .....        (no amulet)
Stlth   +            (no ring)
HPRegen 0.26/turn    (no ring)
MPRegen 0.10/turn

%: no passive effects
@: glowing
A: sickness immunity, AC +4, negative energy resistance 1, electricity
resistance, torment resistance 1, petrification resistance
a: no special abilities


You were on level 4 of the Dungeon.
You visited 1 branch of the dungeon, and saw 5 of its levels.

You collected 149 gold pieces.

Inventory:

Hand Weapons
 a - a +0 hand axe (weapon)
Missiles
 h - 13 stones (quivered)
 v - 3 poisoned darts
Armour
 b - a +0 robe
 d - an orb of light (worn)
 i - a +0 ring mail
 o - a +0 ring mail of fire resistance (worn)
 x - a +0 helmet (worn)
Jewellery
 e - a +6 ring of intelligence
 g - a ring of magical power
 j - a ring of ice
 q - a ring of fire
 t - a +6 ring of intelligence
Scrolls
 f - a scroll of blinking {unknown}
 l - 3 scrolls of noise {unknown}
 n - 3 scrolls of teleportation {unknown}
 r - 2 scrolls of identify {unknown}
 w - 2 scrolls of fog {unknown}
 y - a scroll of summoning {unknown}
Potions
 c - a potion of ambrosia
 k - 2 potions of heal wounds {unknown}
 m - 2 potions of degeneration {unknown}
 p - 3 potions of brilliance {unknown}
 s - 2 potions of curing {unknown}
 u - a potion of enlightenment {unknown}


   Skills:
 + Level 4.8 Fighting
 * Level 5.0 Axes
 + Level 3.3 Armour
 - Level 3.0 Dodging


You had 5 spell levels left.
You didn't know any spells.
Your spell library contained the following spells:

 Spells                   Type           Power      Damage    Failure   Level
 Iskenderun's Battlesphe  Conj           0%         2d6       100%        5
 Bombard                  Conj/Erth      0%         9d1       100%        6
 Spellforged Servitor     Conj/Summ      0%         N/A       100%        7


Dungeon Overview and Level Annotations

Branches:
Dungeon (5/15) Zot: 26933
 Temple: D:4-7

Altars:
Ashenzari
Fedhas
Vehumet
Wu Jian
Xom

Annotations:
D:3 2 transporters, Pandrake's ghost, amateur DgCj
D:4 Dowan; Duvessa


Innate Abilities, Weirdness & Mutations

You are immune to sickness and miasma.
Your stone body is resilient. (AC +4)
You are immune to poison.
You resist negative energy. (rN+)
You are resistant to electric shocks. (rElec)
You are resistant to unholy torment.
You are immune to petrification.


Message History

The web tears apart.
You hit the ribbon worm.
You kill the ribbon worm!
Training target 3.0 for Dodging reached!
Your Armour skill increases to level 2!
Your Dodging skill increases to level 3!
No target in view!
Found a stone staircase leading down.
There is a stone staircase leading down here.
You climb downwards.
There is a stone staircase leading up here.
Found a scroll labelled BAKEMP DI ZEUTA.
Found a white potion.
Found a scroll labelled GUHAOTT RIEFUI.
p - 3 white potions (gained 1)
A kobold comes into view. It is wielding a +0 dagger.
The kobold moves out of view.
Found a viscous silvery potion.
The kobold hits you but does no damage. The kobold hits you but does no damage.
You see here a scroll labelled GUHAOTT RIEFUI.
l - 2 scrolls labelled GUHAOTT RIEFUI (gained 1)
The kobold barely misses you.
You hit the kobold.
The kobold is moderately wounded.
The kobold misses you.
You hit the kobold.
You kill the kobold!
No target in view!
No target in view!
Found a stone staircase leading down.
Things that are here:
a +0 dagger; a kobold corpse A steam dragon comes into view.
You see here a viscous silvery potion.
m - 2 viscous silvery potions (gained 1) Throw: 6 darts (poison)
Press: ? - help, Shift-Dir - straight line, f - steam dragon
Aim: a steam dragon (haloed, 76% to hit)
You throw a poisoned dart.
The poisoned dart hits the steam dragon.
The steam dragon is poisoned.
Throw: 5 darts (poison)
Press: ? - help, Shift-Dir - straight line, f/p - steam dragon
Aim: a steam dragon (lightly wounded, poisoned, haloed, 76% to hit)
You throw a poisoned dart.
The poisoned dart hits the steam dragon.
The steam dragon looks even sicker.
The steam dragon is lightly wounded.
You hit the steam dragon.
The steam dragon is lightly wounded.
The steam dragon breathes steam at you. The ball of steam hits you. You resist.
You hit the steam dragon.
The steam dragon is moderately wounded.
The steam dragon bites you. The steam dragon claws you.
You completely miss the steam dragon.
The steam dragon is moderately wounded.
The steam dragon bites you but does no damage.
The steam dragon closely misses you.
You hit the steam dragon.
The steam dragon is heavily wounded.
The steam dragon bites you.
The steam dragon claws you but does no damage.
You barely miss the steam dragon.
The steam dragon is heavily wounded.
The steam dragon bites you but does no damage.
The steam dragon barely misses you.
You hit the steam dragon.
The steam dragon is severely wounded.
The steam dragon bites you but does no damage.
The steam dragon claws you but does no damage.
You hit the steam dragon.
The steam dragon is almost dead.
The steam dragon breathes steam at you. The ball of steam hits you. You resist.
* * * LOW HITPOINT WARNING * * *
You are too injured to fight recklessly!
Cleave: a) +0 hand axe
Press: ? - help, Dir - move target, f/p - steam dragon
Aim: a steam dragon (almost dead, poisoned, catching its breath, haloed, about 21% to evade your +0 hand axe)
You hit the steam dragon.
You kill the steam dragon!
Your Axes skill increases to level 4!
You have reached level 6!
Found a transporter.
v - 5 poisoned darts (gained 1)
v - 6 poisoned darts (gained 1)
You open the door.
There is an open door here.
Found 9 gold pieces.
Found 15 gold pieces and a scroll labelled YDUABL QAMNO.
Pandrake's ghost turns its malevolent gaze towards you.
You now have 135 gold pieces (gained 9).
Found a transporter.
A gnoll comes into view. It is wielding a +0 halberd.
The gnoll shouts!
You hear a shout!
Press: ? - help, v - describe, . - travel The floor.
There is an open door here.
Throw: 6 darts (poison)
Press: ? - help, Shift-Dir - straight line, f - gnoll
Aim: a gnoll, wielding a +0 halberd (haloed, 80% to hit)
You throw a poisoned dart. The poisoned dart hits the gnoll.
The gnoll closely misses you.
You hit the gnoll but do no damage. The gnoll closely misses you.
You hit the gnoll.
The gnoll is moderately wounded.
The gnoll barely misses you.
You hit the gnoll.
The gnoll is moderately wounded.
The gnoll hits you with a +0 halberd.
You slash the gnoll!
You kill the gnoll!
Things that are here:
a +0 halberd; a gnoll corpse
v - 6 poisoned darts (gained 1)
There is a stone staircase leading down here.
You climb downwards.
There is a stone staircase leading up here.
You climb upwards.
Level annotation: 2 transporters, Pandrake's ghost, amateur DgCj
There is a stone staircase leading down here.
A bat comes into view.
The bat moves out of view.
The bat closely misses you.
You hit the bat.
The bat is heavily wounded.
The bat hits you but does no damage. x2
You completely miss the bat.
The bat is heavily wounded.
The bat hits you but does no damage.
Found a ring mail.
The bat hits you but does no damage.
You hit the bat.
You kill the bat!
You open the door.
Found an ornate altar of the Wu Jian Council and a radiant altar of Vehumet.
Found a broken altar of Ashenzari.
There is an open door here.
HP restored.
A goblin and a dart slug come into view.
Found 4 stones.
The goblin shouts!
A rat comes into view.
Found a blossoming altar of Fedhas.
The rat squeaks loudly.
The rat bites you.
You hit the rat but do no damage. The rat barely misses you.
You barely miss the rat. The rat bites you but does no damage.
You barely miss the rat. The rat barely misses you.
You hit the rat.
The rat is severely wounded.
The dart slug launches a dart at you. The slug dart hits you.
The rat closely misses you.
You barely miss the rat.
The rat is severely wounded.
You hit the goblin.
You kill the goblin!
The rat barely misses you. The dart slug launches a dart at you.
The slug dart hits you but does no damage.
You hit the rat but do no damage.
The rat is severely wounded.
The rat bites you but does no damage. The dart slug launches a dart at you.
The slug dart hits you.
You hit the rat but do no damage.
The rat is severely wounded.
The rat barely misses you.
You hit the rat but do no damage.
The rat is severely wounded.
The rat closely misses you.
You hit the rat.
You kill the rat!
The dart slug launches a dart at you.
The slug dart hits you but does no damage.
You hit the dart slug.
The dart slug is severely wounded.
You hit the dart slug.
You kill the dart slug!
No target in view!
No target in view!
h - 13 stones (gained 4)
Found a scroll labelled ROSTEU FOIV.
w - 2 scrolls labelled ROSTEU FOIV (gained 1)
A gnoll comes into view. It is wielding a +0 whip.
The gnoll shouts!
You hear a shout!
Pandrake's ghost turns its malevolent gaze towards you.
You barely miss the gnoll. The gnoll hits you but does no damage.
You hit the gnoll but do no damage. The gnoll barely misses you.
You hit the gnoll but do no damage. The gnoll hits you with a +0 whip.
You hit the gnoll but do no damage. The gnoll completely misses you.
You barely miss the gnoll. The gnoll closely misses you.
You barely miss the gnoll. The gnoll hits you but does no damage.
You hit the gnoll.
The gnoll is moderately wounded.
The gnoll hits you with a +0 whip.
You hit the gnoll.
The gnoll is severely wounded.
The gnoll hits you but does no damage.
You hit the gnoll.
You kill the gnoll!
No reachable target in view!
No reachable target in view!
No reachable target in view!
Things that are here:
a +0 whip; a gnoll corpse
There is a stone staircase leading down here.
You climb downwards.
There is a stone staircase leading up here.
HP restored.
Found a hand axe and a helmet.
An ogre comes into view. It is wielding a +0 giant club.
You open the door.
The ogre shouts!
Found a shimmering altar of Xom.
There is an open door here.
You hit the ogre.
The ogre is moderately wounded.
The ogre hits you with a +0 giant club.
You slash the ogre!
The ogre is heavily wounded.
The ogre hits you with a +0 giant club.
You hit the ogre.
The ogre is severely wounded.
You slash the ogre!
The ogre is almost dead.
The ogre barely misses you.
You slash the ogre!
You kill the ogre!
Your Armour skill increases to level 3!
There is a shimmering altar of Xom here.
HP restored.
You open the door.
There is an open door here.
HP restored.
You see here a +0 helmet.
You start putting on your armour.
You continue putting on your +0 helmet. x3
The orc shouts!
You continue putting on your +0 helmet.
You finish putting on your +0 helmet.
You hit the orc but do no damage. The orc barely misses you.
You hit the orc but do no damage. The orc hits you but does no damage.
The orc closely misses you.
You slash the orc!
You kill the orc!
No target in view!
Found an escape hatch in the ceiling.
Found a scroll labelled GUHAOTT RIEFUI.
Found a dented cameo amulet.
Search for what [? for help]? axxe Can't find anything matching that.
Search for what [Enter for "axxe", or ? for help]? axe
Found 10 gold pieces and an inky potion.
s - 2 inky potions (gained 1)
Found a hand axe.
l - 3 scrolls labelled GUHAOTT RIEFUI (gained 1)
A gnoll comes into view. It is wielding a +0 spear.
A gnoll is nearby!
A gnoll comes into view. It is wielding a +0 flail.
The gnoll shouts!
You see here an amulet of faith.
A ribbon worm comes into view.
A gnoll comes into view. It is wielding a +0 club.
The gnoll closely misses you.
The gnoll shouts!
You slash the gnoll!
The gnoll is heavily wounded.
You hear an angry hiss.
The gnoll hits you with a +0 spear.
You hit the gnoll but do no damage.
The gnoll is heavily wounded.
You hit the gnoll. The gnoll hits you with a +0 flail.
The gnoll closely misses you.
You hit the gnoll.
The gnoll is almost dead.
You hit the gnoll but do no damage. The gnoll barely misses you.
The gnoll closely misses you.
An adder comes into view.
The adder hisses angrily.
You slash the gnoll!
You kill the gnoll!
You hit the gnoll but do no damage. The gnoll hits you but does no damage.
You slash the gnoll!
The gnoll is almost dead.
The gnoll closely misses you.
You hit the gnoll but do no damage.
The gnoll is almost dead.
The gnoll misses you.
You barely miss the gnoll.
The gnoll is almost dead.
The gnoll hits you but does no damage.
You hit the gnoll.
You kill the gnoll!
You barely miss the adder. The adder misses you. x2
You slash the adder!
The adder is almost dead.
The adder bites you but does no damage.
You hit the adder.
You kill the adder!
You hit the gnoll.
The gnoll is moderately wounded.
The gnoll hits you with a +0 club.
You hit the gnoll but do no damage.
The gnoll is moderately wounded.
The gnoll hits you but does no damage.
You slash the gnoll!
The gnoll is severely wounded.
The gnoll closely misses you. The gnoll barely misses you.
You hit the gnoll.
You kill the gnoll!
You hit the ribbon worm.
The ribbon worm is moderately wounded.
The ribbon worm barely misses you.
You hit the ribbon worm but do no damage.
The ribbon worm is moderately wounded.
The ribbon worm closely misses you.
You hit the ribbon worm but do no damage.
The ribbon worm is moderately wounded.
The ribbon worm expels a string of sticky webbing.
The stream of webbing misses you.
You hit the ribbon worm.
The ribbon worm is heavily wounded.
You slash the ribbon worm!
The ribbon worm is almost dead.
The ribbon worm barely misses you.
You hit the ribbon worm.
You kill the ribbon worm!
Your Axes skill increases to level 5!
No target in view!
Items here: )) †††.
Okay, then.
Found a stone staircase leading down.
Found a stone staircase leading up.
There is a stone staircase leading down here.
You climb downwards.
Found 14 gold pieces, a dagger and a scroll labelled UPYHOSHROETZ.
There is a stone staircase leading up here.
You now have 149 gold pieces (gained 14).
y - a scroll labelled UPYHOSHROETZ
There is a stone staircase leading up here.
Found a stone staircase leading up.
An adder comes into view.
The adder barely misses you. The adder attacks as it pursues you!
The adder barely misses you.
You slash the adder!
The adder is severely wounded.
The adder bites you but does no damage.
You closely miss the adder.
The adder is severely wounded.
The adder bites you but does no damage. x2
You completely miss the adder.
The adder is severely wounded.
The adder bites you but does no damage.
You barely miss the adder.
The adder is severely wounded.
The adder bites you but does no damage. The adder bites you.
You closely miss the adder.
The adder is severely wounded.
The adder bites you but does no damage.
You slash the adder!
You kill the adder!
There is a stone staircase leading up here.
You climb upwards.
Found 10 gold pieces.
There is a stone staircase leading down here.
Duvessa, Sister of Dowan comes into view.
She is wielding a +0 short sword of protection and carrying a wand of flame.
Duvessa shouts!
Duvessa zaps a wand.
The puff of flame hits you. You resist.
Duvessa zaps a wand.
The puff of flame hits you but does no damage.
Throw: 6 darts (poison)
Press: ? - help, Shift-Dir - straight line, f - Duvessa
Aim: Duvessa, wielding a +0 short sword of protection, wearing a +0 ring mail and carrying a wand of flame (haloed, 85% to hit)
You throw a poisoned dart. The poisoned dart hits Duvessa.
Duvessa is poisoned.
You completely miss Duvessa.
Duvessa hits you with a +0 short sword of protection.
You hit Duvessa but do no damage. Duvessa hits you but does no damage.
You hit Duvessa.
Duvessa is lightly wounded.
Duvessa says, "Where magic fails, the sword succeeds!"
Duvessa zaps a wand.
The puff of flame misses you.
You hit Duvessa but do no damage.
Duvessa is lightly wounded.
Duvessa misses you.
You barely miss Duvessa.
Duvessa is lightly wounded.
Duvessa zaps a wand.
The puff of flame hits you. You resist.
You hit Duvessa.
Duvessa is moderately wounded.
Duvessa hits you with a +0 short sword of protection.
You hit Duvessa but do no damage.
Duvessa is moderately wounded.
Duvessa zaps a wand.
The puff of flame hits you but does no damage.
You hit Duvessa but do no damage.
Duvessa is moderately wounded.
Duvessa hits you with a +0 short sword of protection.
You hit Duvessa but do no damage.
Duvessa is moderately wounded.
Duvessa looks more healthy.
Duvessa zaps a wand.
The puff of flame hits you but does no damage.
You hit Duvessa but do no damage.
Duvessa is moderately wounded.
Duvessa hits you but does no damage.
You barely miss Duvessa.
Duvessa is moderately wounded.
Duvessa zaps a wand.
The puff of flame hits you but does no damage.
Throw: 5 darts (poison)
Press: ? - help, Shift-Dir - straight line, f/p - Duvessa
Aim: Duvessa, wielding a +0 short sword of protection, wearing a +0 ring mail and carrying a wand of flame (moderately wounded, haloed, 85% to hit)
You throw a poisoned dart. The poisoned dart hits Duvessa.
Duvessa is poisoned.
Duvessa is moderately wounded.
Duvessa zaps a wand.
The puff of flame misses you.
You hit Duvessa.
Duvessa is heavily wounded.
Duvessa barely misses you.
You hit Duvessa.
Duvessa is heavily wounded.
Duvessa hits you with a +0 short sword of protection!
You hit Duvessa but do no damage.
Duvessa is severely wounded.
Duvessa zaps a wand.
The puff of flame misses you.
You hit Duvessa.
Duvessa is severely wounded.
Duvessa says, "My weaknesses are his strengths!"
Duvessa completely misses you.
You barely miss Duvessa.
Duvessa is severely wounded.
Duvessa hits you with a +0 short sword of protection!
You hit Duvessa but do no damage.
Duvessa is severely wounded.
Duvessa barely misses you.
You hit Duvessa.
Duvessa is almost dead.
Duvessa looks more healthy.
Duvessa hits you but does no damage.
Duvessa hits you with a +0 short sword of protection.
* * * LOW HITPOINT WARNING * * *
You are too injured to fight recklessly!
Throw: 4 darts (poison)
Press: ? - help, Shift-Dir - straight line, f/p - Duvessa
Aim: Duvessa, wielding a +0 short sword of protection, wearing a +0 ring mail and carrying a wand of flame (severely wounded, haloed, 85% to hit)
You throw a poisoned dart. The poisoned dart hits Duvessa.
Duvessa is severely wounded.
Dowan, Brother of Duvessa comes into view.
He is wielding a +0 dagger.
Duvessa hits you with a +0 short sword of protection.
* * * LOW HITPOINT WARNING * * *
Cleave: a) +0 hand axe
Press: ? - help, Dir - move target, f/p - Duvessa
Aim: Duvessa, wielding a +0 short sword of protection, wearing a +0 ring mail and carrying a wand of flame (severely wounded, haloed, about 13% to evade your +0 hand axe) Dowan shouts!
You hit Duvessa but do no damage.
Duvessa is severely wounded.
Duvessa says, "My weaknesses are his strengths!"
Duvessa hits you with a +0 short sword of protection.
* * * LOW HITPOINT WARNING * * *
Cleave: a) +0 hand axe
Press: ? - help, Dir - move target, f/p - Duvessa
Aim: Duvessa, wielding a +0 short sword of protection, wearing a +0 ring mail and carrying a wand of flame (severely wounded, haloed, about 13% to evade your +0 hand axe)
You hit Duvessa but do no damage.
Duvessa is severely wounded.
Duvessa zaps a wand.
The puff of flame misses you.
Cleave: a) +0 hand axe
Press: ? - help, Dir - move target, f/p - Duvessa
Aim: Duvessa, wielding a +0 short sword of protection, wearing a +0 ring mail and carrying a wand of flame (severely wounded, haloed, about 13% to evade your +0 hand axe)
You hit Duvessa but do no damage.
Duvessa is severely wounded.
Duvessa hits you but does no damage.
Cleave: a) +0 hand axe
Press: ? - help, Dir - move target, f/p - Duvessa
Aim: Duvessa, wielding a +0 short sword of protection, wearing a +0 ring mail and carrying a wand of flame (severely wounded, haloed, about 13% to evade your +0 hand axe)
You hit Duvessa but do no damage.
Duvessa is severely wounded.
Duvessa hits you but does no damage.
Cleave: a) +0 hand axe
Press: ? - help, Dir - move target, f/p - Duvessa
Aim: Duvessa, wielding a +0 short sword of protection, wearing a +0 ring mail and carrying a wand of flame (severely wounded, haloed, about 13% to evade your +0 hand axe)
You hit Duvessa.
Duvessa is almost dead.
Duvessa hits you with a +0 short sword of protection!
* * * LOW HITPOINT WARNING * * *
Dowan casts a spell at Duvessa.
Duvessa seems to speed up.
Cleave: a) +0 hand axe
Press: ? - help, Dir - move target, f/p - Duvessa
Aim: Duvessa, wielding a +0 short sword of protection, wearing a +0 ring mail and carrying a wand of flame (almost dead, fast, haloed, about 13% to evade your +0 hand axe)
You hit Duvessa.
Duvessa is almost dead.
Duvessa closely misses you.
Dowan casts a spell.
Dowan blinks!
Cleave: a) +0 hand axe
Press: ? - help, Dir - move target, f/p - Duvessa
Aim: Duvessa, wielding a +0 short sword of protection, wearing a +0 ring mail and carrying a wand of flame (almost dead, fast, haloed, about 13% to evade your +0 hand axe)
You hit Duvessa but do no damage.
Duvessa is almost dead.
Duvessa hits you with a +0 short sword of protection!
You die...

##.##...#.....#.#
##.
.........##..##.#
.. ...##....# ..#
#.##..###.#.# <..
#.....###.#.#
.### #....... #.#
###.....### .#
#.........###.#
#.........§e@.#
#.........#####
##.>......$......
#.#....###...###
#.#....# .#.#
#.####.# # .. #.
#... .. #. ###..
# #. ##


You could see Duvessa (fast).

Vanquished Creatures
  A steam dragon (D:3)
  An ogre (D:4)
  6 gnolls
  7 adders
  4 ribbon worms
  4 dart slugs
  An orc (D:4)
  4 bats
  6 goblins
  4 hobgoblins
  4 jackals
  8 kobolds
  3 quokkas
  9 ball pythons
  A frilled lizard (D:2)
  8 rats
71 creatures vanquished.

Notes
Turn   | Place    | Note
-------+----------+-------------------------------------------
     0 | D:1      | jagoly the Gargoyle Monk began the quest for the Orb.
     0 | D:1      | Reached XP level 1. HP: 14/14 MP: 1/1
    40 | D:1      | Reached XP level 2. HP: 16/19 MP: 2/2
   109 | D:1      | Reached skill level 3 in Axes
   264 | D:1      | Reached skill level 1 in Armour
   315 | D:2      | Reached XP level 3. HP: 23/23 MP: 3/3
   488 | D:2      | Reached XP level 4. HP: 29/29 MP: 4/4
   865 | D:2      | Reached XP level 5. HP: 33/33 MP: 5/5
   916 | D:3      | Noticed a steam dragon
   928 | D:3      | Killed a steam dragon
   929 | D:3      | Reached skill level 4 in Axes
   929 | D:3      | Reached XP level 6. HP: 19/39 MP: 6/6
   930 | D:3      | Found a transporter.
   940 | D:3      | Noticed Pandrake's ghost (amateur DgCj)
   942 | D:3      | Found a transporter.
   942 | D:3      | Identified the +0 giant club "Jaddopro" {freeze, +Blink
                  | rC++ Int+5}
   998 | D:3      | Found an ornate altar of the Wu Jian Council.
   998 | D:3      | Found a radiant altar of Vehumet.
   999 | D:3      | Found a broken altar of Ashenzari.
  1006 | D:3      | Found a blossoming altar of Fedhas.
  1084 | D:4      | Found a shimmering altar of Xom.
  1175 | D:4      | Reached skill level 5 in Axes
  1187 | D:5      | Entered Level 5 of the Dungeon
  1215 | D:4      | Noticed Duvessa
  1245 | D:4      | Noticed Dowan
  1252 | D:4      | Slain by Duvessa

Illustrated notes

Levels and vault maps discovered:
D:1:      dpeg_arrival_houses_and_road, layout_loops_ring, st_stairs_2,
          grunt_decor_arrowhead, minmay_close_crescents
D:2:      minmay_razor_zed, layout_rooms
D:3:      cheibrodos_fertilizer, layout_basic, lemuel_crystal_altar,
          gammafunk_temple_overflow_claw, gammafunk_ghost_smash
D:4:      layout_loops_ring, mainiacjoe_overflow_surrounded_room, temple_green,
          uniq_duvessa
D:5:      layout_loops_corners, mainiacjoe_overflow_swirl,
          minmay_misc_feat_encased, serial_bayou_lake_a

Skill      XL: |  1  2  3  4  5  6 |
---------------+-------------------+-----
Axes           | 3 4 5 |  5.0
Armour         | 1 2 3 |  3.3
Fighting       | 4 |  4.8
Dodging        | 3 |  3.0

Action                     |  1- 3 |  4- 6 || total
---------------------------+-------+-------++-------
  Melee: Hand axe          |    68 |   169 ||   237
  Throw: Dart              |       |     6 ||     6
 Armour: Robe              |     9 |       ||     9
         Ring mail         |    33 |   116 ||   149
         Skin              |     1 |       ||     1
  Dodge: Dodged            |    47 |   101 ||   148
